 Dungeon Crawl Stone Soup version 0.30-a0-782-ge64f9170bb (webtiles) character file.

Game seed: 9277174076584804624

2779 mopl the Martial Artist (level 10, -5/67 HPs)
             Began as a Djinni Transmuter on Mar 12, 2023.
             Was a Follower of Uskayaw.
             Slain by a two-headed ogre
             ... wielding a +0 giant club
              (29 damage)
             ... on level 8 of the Dungeon.
             The game lasted 00:08:50 (6373 turns).

mopl the Martial Artist (Djinni Transmuter)         Turns: 6373, Time: 00:08:51

Health: -5/67      AC:  2    Str: 13    XL:     10   Next: 1%
Gold:   500        EV: 21    Int: 16    God:    Uskayaw [*.....] SH:  0 Dex: 18

rFire   . . .      SeeInvis .      - Unarmed
rCold   . . .      Faith    .    (shield currently unavailable)
rNeg    . . .      Spirit   .    (body armour currently unavailable)
rPois   ∞          Reflect  .    (helmet currently unavailable)
rElec   .          Harm     .    (cloak currently unavailable)
rCorr   .          Rampage  .    (gloves currently unavailable)
Will    +....                    (boots unavailable)
Stlth   ++                       (no amulet)
HPRegen 0.31/turn                r - +4 ring of slaying
MPRegen 0.00/turn                (no ring)

@: spider-form, flying
A: venomous fangs, flying, sickness immunity, tiny, (fire resistance 2), (cold
vulnerability 1), float, innate caster, HP casting, extra vitality 1
a: End Transformation, Renounce Religion, Stomp


You were on level 8 of the Dungeon.
You worshipped Uskayaw.
Uskayaw was noncommittal.
You were a venomous arachnid creature.
You visited 1 branch of the dungeon, and saw 8 of its levels.
You also visited: Sewer.

You collected 500 gold pieces.

Inventory:

Hand Weapons
 w - the +7 lajatang of Order (melded) {silver, rMut}
   (You found it on level 3 of the Dungeon)

   rMut:      It protects you from mutation.
 A - the +6 short sword "Humojum" {spect, rPois rN+}
   (You found it on level 4 of the Dungeon)

   rPois:     It protects you from poison.
   rN:        It protects you from negative energy.
Missiles
 h - 14 boomerangs
 n - 4 throwing nets
 y - 35 poisoned darts
 B - 4 curare-tipped darts
Armour
 p - +0 steam dragon scales
 E - a +1 robe of willpower
 F - a +0 troll leather armour (melded)
 J - a +1 pair of gloves (melded)
 N - a +0 cloak (melded)
Jewellery
 l - a ring of fire
 r - a +4 ring of slaying (left front pincers)
Wands
 a - a wand of polymorph (8)
 s - a wand of flame (12)
 x - a wand of mindburst (12)
 L - a wand of digging (5)
Scrolls
 b - a scroll of enchant weapon {unknown}
 c - a scroll of noise {unknown}
 e - 5 scrolls of teleportation {unknown}
 g - 6 scrolls of identify {unknown}
 i - 5 scrolls of blinking {unknown}
 j - 4 scrolls of vulnerability {unknown}
 o - a scroll of torment {unknown}
 t - a scroll of enchant armour {unknown}
 v - a scroll of acquirement {unknown}
 G - 2 scrolls of poison {unknown}
 H - a scroll of fog {unknown}
 I - a scroll of brand weapon {unknown}
Potions
 d - a potion of haste
 f - 6 potions of mutation {unknown}
 k - 4 potions of might {unknown}
 m - 3 potions of brilliance {unknown}
 q - 3 potions of invisibility {unknown}
 u - 3 potions of curing {unknown}
 z - 2 potions of flight {unknown}
 C - a potion of magic {unknown}
 D - a potion of attraction {unknown}
 K - a potion of lignification {!q}
 M - a potion of cancellation {unknown}
 O - a potion of degeneration {unknown}


   Skills:
 + Level 3.2 Fighting
 - Level 2.1 Short Blades
 * Level 0.0 Staves
 + Level 2.6 Throwing
 + Level 1.4 Armour
 + Level 4.2 Dodging
 - Level 8.2 Unarmed Combat
 + Level 4.3 Spellcasting
 + Level 4.9 Invocations
 + Level 3.1 Evocations


You couldn't memorise any spells.
You knew the following spells:

 Your Spells              Type           Power      Damage    Failure   Level
a - Beastly Appendage     Tmut           34%        N/A       10%         1
b - Spider Form           Tmut/Pois      17%        N/A       22%         3
c - Scorch                Fire           34%        2d7       13%         2
d - Ice Form              Ice/Tmut       17%        N/A       50%         4
e - Summon Small Mammal   Summ           68%        N/A       10%         1
f - Dazzling Flash        Conj/Hex       34%        N/A       22%         3
g - Animate Dead          Necr           17%        N/A       50%         4
w - Wereblood             Tmut           17%        N/A       13%         2
Your spell library was empty.

Dungeon Overview and Level Annotations

Branches:
Dungeon (8/15)             Temple (0/1) D:5           Sewer (visited)
   Lair: D:8-11

Altars:
Okawaru
Uskayaw
The Shining One

Annotations:
D:5 3 runed translucent doors, emiel's ghost, novice DsEE


Innate Abilities, Weirdness & Mutations

You are a venomous arachnid creature.
You have venomous fangs.
You are tiny and dextrous.
You are flying.
Your spellcasting is less reliable in this form.
Your armour is entirely melded.
You are incapable of wielding weapons or throwing items.
You are immune to sickness and miasma.
You are immune to poison.
((Your flesh is very heat resistant. (rF++)))
((You are vulnerable to cold. (rC-)))
You float through the air rather than walking.
You learn spells naturally, not from books.
Your magical power is your life essence.
You have superior vitality. (+4 MHP)


Message History

You now have 500 gold pieces (gained 21).
A two-headed ogre comes into view.
It is wielding a +0 giant club and a +0 giant spiked club.
Aiming: Mindburst
Press: ? - help, Shift-Dir - straight line, f - two-headed ogre
Aim: a two-headed ogre, wielding a +0 giant club and a +0 giant spiked club (chance to affect: 60%)
The two-headed ogre's minds are blasted!!
You hear a shout! x2
Casting: Beastly Appendage (safe; 3% risk of failure)
Confirm with . or Enter, or press ? or * to list all spells.
You turn into a venomous arachnid creature.
The +7 lajatang of Order {silver, rMut} melds into your body.
Your +0 cloak melds into your body.
Your +1 pair of gloves melds into your body.
Your +0 troll leather armour melds into your body.
An orc comes into view. It is wielding a +0 dagger.
You hit the two-headed ogre.
The two-headed ogre is heavily wounded.
You can now pass through a line of other dancers.
You hit the two-headed ogre.
The two-headed ogre is heavily wounded.
An orc wizard comes into view. It is wielding a +1 dagger of venom.
The two-headed ogre closely misses you.
The two-headed ogre hits you with a +0 giant spiked club!
You bite the two-headed ogre!
The two-headed ogre is poisoned.
The two-headed ogre is severely wounded.
The two-headed ogre closely misses you.
The two-headed ogre hits you with a +0 giant spiked club!!
You are too injured to fight recklessly!
You hit the two-headed ogre but do no damage.
The two-headed ogre looks as sick as possible!
The two-headed ogre is severely wounded.
The orc wizard casts a spell.
The orc wizard flickers and vanishes!
Deactivating autopickup; reactivate with Ctrl-A.
You stomp with the beat, sending a shockwave through the revellers around you!
The two-headed ogre is almost dead.
You can no longer pass through a line of other dancers.
The two-headed ogre misses you.
The two-headed ogre hits you with a +0 giant spiked club!!
You die...

######### #........
#.#######.######.
#..........#
.###......# #.####.#
#.# #.# ##s# #.#
..o.{.O.####.#####
#.###............####
#.###...........#
.........###.##<#
##.###.#### #.##.# #
#. #.##.# # #.##.#
#.##.#


You could see a two-headed ogre (extremely poisoned) and an orc.

Vanquished Creatures
  A troll (D:6)
  A hornet (D:6)
  Sigmund (D:5)
  A yak (D:6)
  A steam dragon (D:7)
  A sky beast (D:7)
  An ice beast (D:5)
  Pargi (Sewer)
  A black bear (D:6)
  An ogre (D:5)
  A centaur (D:7)
  3 kobold brigands
  A gnoll sergeant (D:7)
  A scorpion (D:5)
  2 necrophages
  6 electric eels (D:6)
  Crazy Yiuf (D:7)
  3 hounds (D:5)
  A jelly (D:7)
  An orc priest (D:4)
  2 gnoll boudas
  An iguana (D:4)
  4 orc wizards
  12 gnolls
  12 adders
  2 river rats (D:4)
  2 white imps
  A worm (D:2)
  12 orcs
  6 endoplasms
  5 giant cockroaches
  3 goblins
  3 hobgoblins
  3 jackals (Sewer)
  2 quokkas (D:1)
  8 ball pythons
  7 bats
  15 kobolds
  7 rats
137 creatures vanquished.

Vanquished Creatures (others)
  4 plants (D:6)
4 creatures vanquished.

Grand Total: 141 creatures vanquished

Notes
Turn   | Place    | Note
-------+----------+-------------------------------------------
     0 | D:1      | mopl the Djinni Transmuter began the quest for the Orb.
     0 | D:1      | mopl set off with the following spells memorised: Beastly
                  | Appendage, Wereblood, Spider Form, Ice Form.
     0 | D:1      | Reached XP level 1. HP: 17/17 MP: 0/0
   168 | D:1      | Reached XP level 2. HP: 20/22 MP: 0/0
   351 | D:1      | Found a faded altar of an unknown god.
   435 | D:1      | Prayed at the altar of an unknown god.
   435 | D:1      | Became a worshipper of Uskayaw the Reveller
   435 | D:1      | Reached * piety under Uskayaw
   792 | D:2      | Reached ** piety under Uskayaw
   804 | D:2      | HP: 1/22 [adder (1)]
   804 | D:2      | Reached *** piety under Uskayaw
   805 | D:2      | Reached XP level 3. HP: 1/27 MP: 0/0
   805 | D:2      | Learned a level 1 spell: Summon Small Mammal
   806 | D:2      | Reached skill level 2 in Spellcasting
  1465 | D:2      | Reached skill level 1 in Invocations
  1753 | D:3      | Reached skill level 4 in Unarmed Combat
  1753 | D:3      | Reached XP level 4. HP: 28/32 MP: 0/0
  1950 | D:3      | Found the +7 lajatang of Order {silver, rMut}
  2284 | D:3      | Found a glowing golden altar of the Shining One.
  2291 | D:3      | Found an iron altar of Okawaru.
  2356 | D:4      | Noticed a necrophage
  2361 | D:4      | Killed a necrophage
  2362 | D:4      | Reached XP level 5. HP: 27/37 MP: 0/0
  2362 | D:4      | Learned a level 2 spell: Scorch
  2400 | D:4      | Reached skill level 2 in Invocations
  2456 | D:4      | Reached XP level 6. HP: 23/42 MP: 0/0
  2459 | D:4      | Reached skill level 5 in Unarmed Combat
  2462 | D:4      | Reached **** piety under Uskayaw
  2514 | D:4      | Found a glowing drain.
  2557 | Sewer    | Entered a sewer
  2609 | Sewer    | Noticed Pargi
  2631 | Sewer    | Killed Pargi
  2784 | D:4      | Reached XP level 7. HP: 41/47 MP: 0/0
  2784 | D:4      | Learned a level 3 spell: Dazzling Flash
  2854 | D:4      | Reached skill level 3 in Spellcasting
  2854 | D:4      | Reached skill level 3 in Invocations
  2856 | D:4      | Identified the +6 short sword "Humojum" {spect, rPois rN+}
  3460 | D:5      | Entered Level 5 of the Dungeon
  3490 | D:5      | Reached skill level 6 in Unarmed Combat
  3491 | D:5      | Found a staircase to the Ecumenical Temple.
  3502 | D:5      | HP: 2/47 [something (30)]
  3706 | D:5      | Found a runed translucent gate.
  3706 | D:5      | Found a runed translucent gate.
  3706 | D:5      | Found a runed translucent gate.
  3880 | D:5      | Reached XP level 8. HP: 52/52 MP: 0/0
  3904 | D:5      | Noticed Sigmund
  3926 | D:5      | Killed Sigmund
  4054 | D:5      | Reached skill level 1 in Throwing
  4054 | D:5      | Reached skill level 1 in Evocations
  4222 | D:5      | Noticed emiel's ghost (novice DsEE)
  4350 | D:5      | Reached skill level 4 in Invocations
  4695 | D:6      | Reached skill level 1 in Short Blades
  4830 | D:6      | Reached skill level 7 in Unarmed Combat
  4885 | D:6      | Noticed a troll
  4895 | D:6      | Killed a troll
  4896 | D:6      | Reached skill level 2 in Fighting
  4896 | D:6      | Reached skill level 3 in Dodging
  4913 | D:6      | Noticed a yak
  4921 | D:6      | Killed a yak
  4922 | D:6      | Reached XP level 9. HP: 35/58 MP: 0/0
  4922 | D:6      | Learned a level 4 spell: Animate Dead
  5053 | D:6      | Reached skill level 2 in Evocations
  5093 | D:6      | Reached skill level 2 in Short Blades
  5093 | D:6      | Reached skill level 2 in Throwing
  5196 | D:6      | Reached skill level 4 in Spellcasting
  5347 | D:7      | Noticed a hornet
  5361 | D:6      | Killed a hornet
  5591 | D:7      | Reached skill level 1 in Armour
  5596 | D:7      | Reached skill level 3 in Fighting
  5596 | D:7      | Reached skill level 4 in Dodging
  5645 | D:7      | Reached skill level 8 in Unarmed Combat
  5889 | D:7      | Reached skill level 3 in Evocations
  6016 | D:7      | Found a runed translucent door.
  6017 | D:7      | Noticed Crazy Yiuf
  6024 | D:7      | Killed Crazy Yiuf
  6123 | D:7      | Reached XP level 10. HP: 61/67 MP: 0/0
  6366 | D:8      | Noticed a two-headed ogre
  6373 | D:8      | Slain by a two-headed ogre

Illustrated notes

Levels and vault maps discovered:
D:1:      dpeg_arrival_rooms_c, layout_loops_ring,
          shapermc_ecumenical_altar_notcrosses
D:2:      layout_basic, dk_vineyard_2
D:3:      layout_rooms, grunt_temple_overflow_diamond, serial_rivers,
          chequers_serial_rivers_micro_d, chequers_serial_rivers_room_a,
          chequers_serial_rivers_micro_e, chequers_serial_rivers_large_b,
          st_stairs_12
D:4:      layout_basic, portal_sewer_entry_b, minmay_misc_feat_tiny,
          minmay_misc_feat_enclosed
D:5:      layout_loops_ring, minmay_temple_entry_mini_moons,
          gammafunk_ghost_icy, uniq_sigmund
D:6:      cheibrodos_two_vegetables, layout_basic
D:7:      layout_basic, minmay_misc_feat_nine_boxes, patterned_corridor,
          uniq_crazy_yiuf_cottage
D:8:      layout_loops_ring, kennysheep_mini, erik_lair_dragon, special_room
          [special_room_orc], kennysheep_kite_vault, uniq_prince_ribbit1

Skill      XL: |  1  2  3  4  5  6  7  8  9 |
---------------+----------------------------+-----
Spellcasting   | 2 3 4 |  4.3
Invocations    | 1 2 3 4 |  4.9
Unarmed Combat | 4 5 6 7 8 |  8.2
Throwing       | 1 2 |  2.6
Evocations     | 1 3 |  3.1
Short Blades   | 1 2 |  2.1
Fighting       | 2 3 |  3.2
Dodging        | 3 4 |  4.2
Armour         | 1 |  1.4

Action                     |  1- 3 |  4- 6 |  7- 9 | 10-12 || total
---------------------------+-------+-------+-------+-------++-------
  Melee: Unarmed           |    84 |    46 |    23 |     4 ||   157
         Headbutt          |    12 |     4 |     6 |       ||    22
         Punch             |     2 |     2 |       |       ||     4
         Lajatang          |       |    45 |   136 |     6 ||   187
  Throw: Dart              |       |       |     7 |       ||     7
   Cast: Beastly Appendage |    23 |     7 |     4 |       ||    34
         Wereblood         |       |     2 |     1 |       ||     3
         Spider Form       |       |     1 |     2 |     1 ||     4
         Ice Form          |       |       |     1 |       ||     1
 Invoke: Stomp             |       |       |       |     1 ||     1
  Evoke: Wand              |       |       |    11 |     1 ||    12
    Use: Potion            |       |     1 |       |       ||     1
   Stab: Sleeping          |     2 |       |     2 |       ||     4
         Paralysed         |     1 |     1 |     3 |       ||     5
 Armour: Robe              |    27 |    26 |    19 |       ||    72
         Skin              |       |    15 |     2 |       ||    17
         Troll leather arm |       |       |    22 |     2 ||    24
  Dodge: Dodged            |    63 |    81 |   118 |     6 ||   268

Table legend: (Time is in decaauts)
 A = Elapsed time spent in this place.
 B = Non-inter-level travel time spent in this place.
 C = Inter-level travel time spent in this place.
 D = Time resting spent in this place.
 E = Time spent auto-exploring this place.
 F = Levels seen in this place.
 G = Mean time per level.
                   A        B        C        D        E       F      G
               +--------+--------+--------+--------+--------+-----+--------+
         Total |   6432 |   6156 |    276 |    729 |   4168 |   9 |  714.7 |
       Dungeon |   6270 |   5994 |    276 |    703 |   4097 |   8 |  783.8 |
         Sewer |    161 |    161 |      0 |     26 |     71 |   1 |  161.0 |
               +--------+--------+--------+--------+--------+-----+--------+

Top non-repeatable levels by time:
     D:4: 1169 daAuts
     D:2: 1066 daAuts
     D:7: 962 daAuts
     D:5: 960 daAuts
     D:6: 839 daAuts
     D:1: 668 daAuts
     D:3: 571 daAuts
   Sewer: 161 daAuts
     D:8: 34 daAuts
